Sabres vs Capitals

Created - January 25 2007 at 18:18

Goals
1 2 3 OT1 SO T
Sabres 1 0 1 0 0 2
Capitals 0 1 1 0 1 3
Shots
1 2 3 OT1 SO T
Sabres 11 11 16 2 3 40
Capitals 7 6 6 4 2 23

Period #1

1. Sabres , Nathan Horton 8 (Derek Roy, Jochen Hecht) at 15:48

Penalities :
Milan Hejduk (BUF) for High sticking (Minor) at 2:10, Dainius Zubrus (WSH) for Checking from behind (Major) at 7:57, Bryan Muir (WSH) for Delaying the game (Minor) at 18:26

Period #2

2. Capitals , Rene Bourque 5 (Ben Clymer, Patrik Stefan) at 5:35

Penalities :
Toni Lydman (BUF) for Slashing (Minor) at 0:44, Shaone Morrisonn (WSH) for Hooking (Minor) at 3:10, Toni Lydman (BUF) for Delaying the game (Minor) at 5:39, John-Michael Liles (BUF) for Clipping (Minor) at 12:16, Doug Weight (BUF) for High sticking (Minor) at 17:11

Period #3

3. Sabres , Milan Hejduk 13 (Daniel Briere, Rob Blake) at 8:06 (PP)
4. Capitals , Andrew Cassels 8 (Adrian Aucoin, Chris Clark) at 18:45

Penalities :
Ben Clymer (WSH) for Cross-checking (Minor) at 3:26, Ben Clymer (WSH) for Elbowing (Minor) at 7:00, Teppo Numminen (BUF) for Roughing (Minor) at 8:46, Ben Clymer (WSH) for Holding (Minor) at 14:09

Overtime #1

No Goal

Penalities :
No Penalty

Shootout

Penalty Shot by Milan Hejduk for Sabres - Shot Misses the Net
Penalty Shot by Alexander Ovechkin for Capitals - Goal!
Penalty Shot by Daniel Briere for Sabres - Stopped by Marty Turco
Penalty Shot by Dainius Zubrus for Capitals - Stopped by Ryan Miller
Penalty Shot by Chris Drury for Sabres - Stopped by Marty Turco

Penalities :
No Penalty

Goalie Stats

Ryan Miller (BUF), 21 saves from 23 shots - (0.913), OTL, 12-6-3, 65:00 minutes
Marty Turco (WSH), 38 saves from 40 shots - (0.950), W, 10-9-1, 65:00 minutes

Players Stats

Sabres
Player Name              G  A  P  +/- PIM S  H  SB FO MP 
-----------------------------------------------------------
Brian Campbell           0  0  0  -1  0   0  1  1  0  23 
Chris Drury              0  0  0   0  0   0  1  0  1  21 
Daniel Briere            0  1  1   0  0   5  1  0  28 21 
Derek Roy                0  1  1   1  0   1  0  0  24 25 
Doug Weight              0  0  0  -2  2   2  1  0  20 21 
Henrik Tallinder         0  0  0   0  0   2  2  1  0  17 
Jason Pominville         0  0  0  -1  0   1  0  0  2  13 
Jochen Hecht             0  1  1   0  0   2  0  0  0  16 
John-Michael Liles       0  0  0   0  2   1  2  0  0  24 
Maxim Afinogenov         0  0  0   0  0   1  0  0  3  11 
Milan Hejduk             1  0  1   0  2   12 1  0  1  22 
Nathan Horton            1  0  1   0  0   10 0  0  2  18 
Paul Gaustad             0  0  0   0  0   0  0  0  0  4  
Rob Blake                0  1  1   0  0   0  0  1  0  27 
Teppo Numminen           0  0  0  -1  2   1  0  4  0  25 
Thomas Vanek             0  0  0  -1  0   2  0  0  1  11 
Tim Connolly             0  0  0   0  0   0  0  2  9  10 
Toni Lydman              0  0  0   0  4   0  1  3  0  17 
Capitals
Player Name              G  A  P  +/- PIM S  H  SB FO MP 
-----------------------------------------------------------
Adrian Aucoin            0  1  1   1  0   1  1  0  0  24 
Alexander Ovechkin       0  0  0  -1  0   5  0  1  9  25 
Andrew Cassels           1  0  1   0  0   1  0  0  11 13 
Ben Clymer               0  1  1   1  6   0  1  1  0  22 
Brian Pothier            0  0  0   1  0   0  0  3  0  24 
Brian Sutherby           0  0  0   0  0   1  0  0  12 11 
Brooks Laich             0  0  0   1  0   1  0  1  2  16 
Bryan Muir               0  0  0  -1  2   1  1  1  0  12 
Chris Clark              0  1  1   0  0   1  0  0  0  22 
Dainius Zubrus           0  0  0   0  5   2  1  0  31 25 
Ivan Majesky             0  0  0   0  0   0  0  0  0  9  
Matt Pettinger           0  0  0   0  0   0  0  0  0  4  
Patrik Stefan            0  1  1   1  0   0  0  0  25 22 
Rene Bourque             1  0  1   1  0   5  1  0  0  15 
Richard Zednik           0  0  0   0  0   1  0  0  0  9  
Shaone Morrisonn         0  0  0   1  2   1  1  1  0  27 
Steve Eminger            0  0  0  -1  0   1  0  1  0  17 
Trent Hunter             0  0  0   1  0   2  2  0  1  25 

3 Stars

1 - Marty Turco (WSH)
2 - Ryan Miller (BUF)
3 - Rene Bourque (WSH)

Power Play

Sabres - 1 on 6 Attempt(s) - 16.67%
Capitals - 0 on 6 Attempt(s) - 0.00%

Penalty Kill

Sabres - 6 on 6 Attempt(s) - 100.00% - Score 0 goal in Penalty Kill
Capitals - 5 on 6 Attempt(s) - 83.33% - Score 0 goal in Penalty Kill

Game Notes

No Game Note

Finance

Level 1 -- Attendance: 4207 (64.72%) -- Ticket Income $420,700.00
Level 2 -- Attendance: 3824 (69.52%) -- Ticket Income $229,440.00
Level 3 -- Attendance: 2060 (82.39%) -- Ticket Income $72,100.00
Level 4 -- Attendance: 4114 (91.42%) -- Ticket Income $82,280.00
Luxury Box -- Attendance: 848 (84.83%) -- Ticket Income $169,600.00
Game was played at the MCI Center
Total Attendance: 15053 (75.27%)
Total Ticket Income: $1,064,214.00
Other Expense: $74,416.80
Total Income: $989,797.00


Play by Play

Period #1

0:01 of 1st period - Daniel Briere wins face-off versus Dainius Zubrus in neutral zone.
0:16 of 1st period - Shot by Daniel Briere.
0:16 of 1st period - Stopped by Marty Turco without a rebound.
0:17 of 1st period - Doug Weight wins face-off versus Patrik Stefan in Capitals zone.
0:18 of 1st period - Shot by Jason Pominville.
0:18 of 1st period - Shot Misses the Net.
0:23 of 1st period - Shot by Brian Campbell.
0:23 of 1st period - Shot Misses the Net.
0:28 of 1st period - Shot by Jason Pominville.
0:28 of 1st period - Stopped by Marty Turco without a rebound.
0:29 of 1st period - Dainius Zubrus wins face-off versus Derek Roy in Capitals zone.
1:01 of 1st period - Alexander Ovechkin is hit by Toni Lydman and loses puck.
2:10 of 1st period - Minor Penalty to Milan Hejduk for High sticking.
2:11 of 1st period - Doug Weight wins face-off versus Dainius Zubrus in Sabres zone.
2:20 of 1st period - Shot by Dainius Zubrus.
2:20 of 1st period - Stopped by Ryan Miller with a rebound.
3:02 of 1st period - Tim Connolly is hit by Shaone Morrisonn and loses puck.
3:40 of 1st period - Shot by Alexander Ovechkin.
3:40 of 1st period - Shot Blocked by Teppo Numminen.
3:41 of 1st period - Shot by Adrian Aucoin.
3:41 of 1st period - Shot Misses the Net.
4:13 of 1st period - Patrik Stefan is hit by John-Michael Liles and loses puck.
4:27 of 1st period - Shot by Rene Bourque.
4:27 of 1st period - Stopped by Ryan Miller without a rebound.
4:28 of 1st period - Andrew Cassels wins face-off versus Doug Weight in Sabres zone.
4:49 of 1st period - Shot by Doug Weight.
4:49 of 1st period - Stopped by Marty Turco without a rebound.
4:50 of 1st period - Brooks Laich wins face-off versus Daniel Briere in Capitals zone.
5:05 of 1st period - Shot by Daniel Briere.
5:05 of 1st period - Stopped by Marty Turco without a rebound.
5:06 of 1st period - Doug Weight wins face-off versus Patrik Stefan in Capitals zone.
5:35 of 1st period - Shot by Rene Bourque.
5:35 of 1st period - Shot Misses the Net.
6:07 of 1st period - Off-side.
6:08 of 1st period - Daniel Briere wins face-off versus Andrew Cassels in neutral zone.
6:28 of 1st period - Icing by Milan Hejduk.
6:29 of 1st period - Daniel Briere wins face-off versus Dainius Zubrus in Sabres zone.
6:44 of 1st period - Shot by Dainius Zubrus.
6:44 of 1st period - Shot Blocked by Rob Blake.
6:47 of 1st period - Shot by Alexander Ovechkin.
6:47 of 1st period - Stopped by Ryan Miller without a rebound.
6:48 of 1st period - Derek Roy wins face-off versus Patrik Stefan in Sabres zone.
6:57 of 1st period - Shot by Nathan Horton.
6:57 of 1st period - Stopped by Marty Turco without a rebound.
6:58 of 1st period - Dainius Zubrus wins face-off versus Derek Roy in Capitals zone.
7:05 of 1st period - Shot by Bryan Muir.
7:05 of 1st period - Shot Blocked by Toni Lydman.
7:06 of 1st period - Shot by Steve Eminger.
7:06 of 1st period - Stopped by Ryan Miller with a rebound.
7:07 of 1st period - Shot by Bryan Muir.
7:07 of 1st period - Stopped by Ryan Miller without a rebound.
7:08 of 1st period - Patrik Stefan wins face-off versus Derek Roy in Sabres zone.
7:31 of 1st period - Shot by Trent Hunter.
7:31 of 1st period - Stopped by Ryan Miller with a rebound.
7:32 of 1st period - Shot by Rene Bourque.
7:32 of 1st period - Shot Blocked by Toni Lydman.
7:52 of 1st period - Off-side.
7:53 of 1st period - Milan Hejduk wins face-off versus Dainius Zubrus in neutral zone.
7:57 of 1st period - Major Penalty to Dainius Zubrus for Checking from behind.
7:58 of 1st period - Daniel Briere wins face-off versus Alexander Ovechkin in Capitals zone.
8:07 of 1st period - Shot by Daniel Briere.
8:07 of 1st period - Stopped by Marty Turco without a rebound.
8:08 of 1st period - Daniel Briere wins face-off versus Alexander Ovechkin in Capitals zone.
8:35 of 1st period - Shot by Milan Hejduk.
8:35 of 1st period - Shot Misses the Net.
8:36 of 1st period - Shot by Daniel Briere.
8:36 of 1st period - Shot Misses the Net.
9:31 of 1st period - Shot by Nathan Horton.
9:31 of 1st period - Stopped by Marty Turco without a rebound.
9:32 of 1st period - Derek Roy wins face-off versus Patrik Stefan in Capitals zone.
10:29 of 1st period - Shot by Doug Weight.
10:29 of 1st period - Shot Misses the Net.
10:35 of 1st period - Icing by Rob Blake.
10:36 of 1st period - Doug Weight wins face-off versus Alexander Ovechkin in Sabres zone.
11:06 of 1st period - Icing by John-Michael Liles.
11:07 of 1st period - Daniel Briere wins face-off versus Alexander Ovechkin in Sabres zone.
12:20 of 1st period - Shot by Nathan Horton.
12:20 of 1st period - Stopped by Marty Turco without a rebound.
12:21 of 1st period - Patrik Stefan wins face-off versus Tim Connolly in Capitals zone.
12:21 of 1st period - Alexander Ovechkin is hit by John-Michael Liles and loses puck.
13:16 of 1st period - Icing by Brian Campbell.
13:17 of 1st period - Derek Roy wins face-off versus Andrew Cassels in Sabres zone.
14:17 of 1st period - Icing by Toni Lydman.
14:18 of 1st period - Doug Weight wins face-off versus Dainius Zubrus in Sabres zone.
14:29 of 1st period - Shot by Doug Weight.
14:29 of 1st period - Stopped by Marty Turco without a rebound.
14:30 of 1st period - Maxim Afinogenov wins face-off versus Patrik Stefan in Capitals zone.
14:38 of 1st period - Maxim Afinogenov is hit by Dainius Zubrus and loses puck.
15:40 of 1st period - Shot by Jochen Hecht.
15:40 of 1st period - Shot Misses the Net.
15:43 of 1st period - Shot by Derek Roy.
15:43 of 1st period - Shot Misses the Net.
15:48 of 1st period - Shot by Nathan Horton.
15:48 of 1st period - Goal by Nathan Horton.
15:49 of 1st period - Patrik Stefan wins face-off versus Doug Weight in neutral zone.
15:54 of 1st period - Shot by Thomas Vanek.
15:54 of 1st period - Stopped by Marty Turco without a rebound.
15:55 of 1st period - Doug Weight wins face-off versus Dainius Zubrus in Capitals zone.
16:45 of 1st period - Icing by Rob Blake.
16:46 of 1st period - Doug Weight wins face-off versus Andrew Cassels in Sabres zone.
17:44 of 1st period - Nathan Horton is hit by Rene Bourque and loses puck.
18:01 of 1st period - Off-side.
18:02 of 1st period - Dainius Zubrus wins face-off versus Tim Connolly in neutral zone.
18:25 of 1st period - Shot by Alexander Ovechkin.
18:25 of 1st period - Stopped by Ryan Miller without a rebound.
18:26 of 1st period - Daniel Briere wins face-off versus Dainius Zubrus in Sabres zone.
18:26 of 1st period - Minor Penalty to Bryan Muir for Delaying the game.
18:27 of 1st period - Daniel Briere wins face-off versus Dainius Zubrus in Sabres zone.

Period #2

0:01 of 2nd period - Dainius Zubrus wins face-off versus Daniel Briere in neutral zone.
0:38 of 2nd period - Shot by Derek Roy.
0:38 of 2nd period - Shot Misses the Net.
0:44 of 2nd period - Minor Penalty to Toni Lydman for Slashing.
0:45 of 2nd period - Brian Sutherby wins face-off versus Derek Roy in Sabres zone.
2:14 of 2nd period - Shot by Dainius Zubrus.
2:14 of 2nd period - Stopped by Ryan Miller without a rebound.
2:15 of 2nd period - Brian Sutherby wins face-off versus Derek Roy in Sabres zone.
2:18 of 2nd period - Shot by Alexander Ovechkin.
2:18 of 2nd period - Shot Misses the Net.
2:19 of 2nd period - Shot by Ben Clymer.
2:19 of 2nd period - Shot Misses the Net.
2:20 of 2nd period - Shot by Ben Clymer.
2:20 of 2nd period - Shot Blocked by Teppo Numminen.
2:23 of 2nd period - Shot by Alexander Ovechkin.
2:23 of 2nd period - Shot Misses the Net.
2:24 of 2nd period - Shot by Alexander Ovechkin.
2:24 of 2nd period - Shot Misses the Net.
2:25 of 2nd period - Shot by Shaone Morrisonn.
2:25 of 2nd period - Stopped by Ryan Miller without a rebound.
2:26 of 2nd period - Dainius Zubrus wins face-off versus Tim Connolly in Sabres zone.
3:10 of 2nd period - Minor Penalty to Shaone Morrisonn for Hooking.
3:11 of 2nd period - Dainius Zubrus wins face-off versus Derek Roy in Capitals zone.
3:17 of 2nd period - Icing by Teppo Numminen.
3:18 of 2nd period - Patrik Stefan wins face-off versus Derek Roy in Sabres zone.
3:33 of 2nd period - Shot by Derek Roy.
3:33 of 2nd period - Stopped by Marty Turco without a rebound.
3:34 of 2nd period - Patrik Stefan wins face-off versus Daniel Briere in Capitals zone.
4:37 of 2nd period - Shot by Derek Roy.
4:37 of 2nd period - Stopped by Marty Turco without a rebound.
4:38 of 2nd period - Alexander Ovechkin wins face-off versus Nathan Horton in Capitals zone.
4:49 of 2nd period - Shot by Nathan Horton.
4:49 of 2nd period - Shot Misses the Net.
4:52 of 2nd period - Shot by Nathan Horton.
4:52 of 2nd period - Stopped by Marty Turco without a rebound.
4:53 of 2nd period - Dainius Zubrus wins face-off versus Daniel Briere in Capitals zone.
5:14 of 2nd period - Shot by Nathan Horton.
5:14 of 2nd period - Stopped by Marty Turco without a rebound.
5:15 of 2nd period - Derek Roy wins face-off versus Patrik Stefan in Capitals zone.
5:17 of 2nd period - Nathan Horton is hit by Trent Hunter and loses puck.
5:20 of 2nd period - Icing by Ben Clymer.
5:21 of 2nd period - Patrik Stefan wins face-off versus Jason Pominville in Capitals zone.
5:32 of 2nd period - Shot by Rene Bourque.
5:32 of 2nd period - Shot Blocked by Brian Campbell.
5:35 of 2nd period - Shot by Rene Bourque.
5:35 of 2nd period - Goal by Rene Bourque.
5:36 of 2nd period - Andrew Cassels wins face-off versus Derek Roy in neutral zone.
5:39 of 2nd period - Shot by Brooks Laich.
5:39 of 2nd period - Shot Blocked by Toni Lydman.
5:39 of 2nd period - Minor Penalty to Toni Lydman for Delaying the game.
5:40 of 2nd period - Tim Connolly wins face-off versus Brian Sutherby in Sabres zone.
7:10 of 2nd period - Icing by Ben Clymer.
7:11 of 2nd period - Derek Roy wins face-off versus Brian Sutherby in Capitals zone.
7:48 of 2nd period - Shot by Daniel Briere.
7:48 of 2nd period - Stopped by Marty Turco without a rebound.
7:49 of 2nd period - Daniel Briere wins face-off versus Dainius Zubrus in Capitals zone.
7:49 of 2nd period - Rob Blake is hit by Bryan Muir and loses puck.
8:01 of 2nd period - Shot by Daniel Briere.
8:01 of 2nd period - Shot Misses the Net.
8:12 of 2nd period - Shot by Daniel Briere.
8:12 of 2nd period - Shot Blocked by Steve Eminger.
8:13 of 2nd period - Shot by Milan Hejduk.
8:13 of 2nd period - Shot Misses the Net.
8:16 of 2nd period - Shot by Milan Hejduk.
8:16 of 2nd period - Stopped by Marty Turco with a rebound.
8:17 of 2nd period - Shot by John-Michael Liles.
8:17 of 2nd period - Shot Blocked by Brooks Laich.
8:20 of 2nd period - Shot by Daniel Briere.
8:20 of 2nd period - Stopped by Marty Turco without a rebound.
8:21 of 2nd period - Brooks Laich wins face-off versus Derek Roy in Capitals zone.
8:28 of 2nd period - Shot by Derek Roy.
8:28 of 2nd period - Stopped by Marty Turco without a rebound.
8:29 of 2nd period - Jason Pominville wins face-off versus Patrik Stefan in Capitals zone.
8:30 of 2nd period - Shot by Thomas Vanek.
8:30 of 2nd period - Stopped by Marty Turco without a rebound.
8:31 of 2nd period - Doug Weight wins face-off versus Patrik Stefan in Capitals zone.
8:38 of 2nd period - Shot by Thomas Vanek.
8:38 of 2nd period - Shot Misses the Net.
8:39 of 2nd period - Shot by Teppo Numminen.
8:39 of 2nd period - Stopped by Marty Turco with a rebound.
9:21 of 2nd period - Rene Bourque is hit by Henrik Tallinder and loses puck.
9:37 of 2nd period - Shot by Derek Roy.
9:37 of 2nd period - Shot Blocked by Brian Pothier.
9:45 of 2nd period - Off-side.
9:46 of 2nd period - Dainius Zubrus wins face-off versus Daniel Briere in neutral zone.
9:58 of 2nd period - Bryan Muir is hit by Chris Drury and loses puck.
10:12 of 2nd period - Shot by Chris Clark.
10:12 of 2nd period - Stopped by Ryan Miller without a rebound.
10:13 of 2nd period - Andrew Cassels wins face-off versus Derek Roy in Sabres zone.
10:44 of 2nd period - Shot by Jochen Hecht.
10:44 of 2nd period - Shot Misses the Net.
10:45 of 2nd period - Shot by Henrik Tallinder.
10:45 of 2nd period - Shot Blocked by Brian Pothier.
10:46 of 2nd period - Shot by Henrik Tallinder.
10:46 of 2nd period - Shot Blocked by Brian Pothier.
10:47 of 2nd period - Shot by Henrik Tallinder.
10:47 of 2nd period - Shot Misses the Net.
11:41 of 2nd period - Icing by Adrian Aucoin.
11:42 of 2nd period - Andrew Cassels wins face-off versus Daniel Briere in Capitals zone.
11:42 of 2nd period - Brooks Laich is hit by Daniel Briere and loses puck.
12:13 of 2nd period - Alexander Ovechkin is hit by Milan Hejduk and loses puck.
12:16 of 2nd period - Minor Penalty to John-Michael Liles for Clipping.
12:17 of 2nd period - Brian Sutherby wins face-off versus Derek Roy in Sabres zone.
12:30 of 2nd period - Shot by Brian Sutherby.
12:30 of 2nd period - Shot Misses the Net.
12:33 of 2nd period - Shot by Alexander Ovechkin.
12:33 of 2nd period - Shot Misses the Net.
12:36 of 2nd period - Shot by Brian Sutherby.
12:36 of 2nd period - Shot Misses the Net.
12:39 of 2nd period - Shot by Alexander Ovechkin.
12:39 of 2nd period - Shot Blocked by Teppo Numminen.
12:42 of 2nd period - Shot by Brian Sutherby.
12:42 of 2nd period - Shot Misses the Net.
12:45 of 2nd period - Shot by Alexander Ovechkin.
12:45 of 2nd period - Stopped by Ryan Miller with a rebound.
14:23 of 2nd period - Off-side.
14:24 of 2nd period - Daniel Briere wins face-off versus Patrik Stefan in neutral zone.
14:29 of 2nd period - Shot by Daniel Briere.
14:29 of 2nd period - Stopped by Marty Turco without a rebound.
14:30 of 2nd period - Doug Weight wins face-off versus Andrew Cassels in Capitals zone.
14:44 of 2nd period - Brooks Laich is hit by Brian Campbell and loses puck.
15:37 of 2nd period - Milan Hejduk is hit by Trent Hunter and loses puck.
16:33 of 2nd period - Shot by Dainius Zubrus.
16:33 of 2nd period - Shot Misses the Net.
16:38 of 2nd period - Shot by Alexander Ovechkin.
16:38 of 2nd period - Shot Misses the Net.
16:39 of 2nd period - Shot by Brian Pothier.
16:39 of 2nd period - Shot Misses the Net.
17:11 of 2nd period - Minor Penalty to Doug Weight for High sticking.
17:12 of 2nd period - Maxim Afinogenov wins face-off versus Brian Sutherby in neutral zone.
18:17 of 2nd period - Shot by Trent Hunter.
18:17 of 2nd period - Stopped by Ryan Miller without a rebound.
18:18 of 2nd period - Brian Sutherby wins face-off versus Tim Connolly in Sabres zone.

Period #3

0:01 of 3rd period - Daniel Briere wins face-off versus Dainius Zubrus in neutral zone.
0:15 of 3rd period - Daniel Briere is hit by Adrian Aucoin and loses puck.
0:21 of 3rd period - Shot by Milan Hejduk.
0:21 of 3rd period - Stopped by Marty Turco without a rebound.
0:22 of 3rd period - Patrik Stefan wins face-off versus Thomas Vanek in Capitals zone.
1:03 of 3rd period - Shot by Patrik Stefan.
1:03 of 3rd period - Shot Misses the Net.
2:05 of 3rd period - Off-side.
2:06 of 3rd period - Patrik Stefan wins face-off versus Derek Roy in neutral zone.
2:29 of 3rd period - Shot by Trent Hunter.
2:29 of 3rd period - Stopped by Ryan Miller without a rebound.
2:30 of 3rd period - Dainius Zubrus wins face-off versus Daniel Briere in Sabres zone.
2:31 of 3rd period - Shot by Alexander Ovechkin.
2:31 of 3rd period - Stopped by Ryan Miller without a rebound.
2:32 of 3rd period - Daniel Briere wins face-off versus Alexander Ovechkin in Sabres zone.
2:49 of 3rd period - Shot by Milan Hejduk.
2:49 of 3rd period - Stopped by Marty Turco without a rebound.
2:50 of 3rd period - Andrew Cassels wins face-off versus Derek Roy in Capitals zone.
3:11 of 3rd period - Shot by Derek Roy.
3:11 of 3rd period - Shot Misses the Net.
3:12 of 3rd period - Shot by Nathan Horton.
3:12 of 3rd period - Stopped by Marty Turco with a rebound.
3:13 of 3rd period - Shot by Henrik Tallinder.
3:13 of 3rd period - Stopped by Marty Turco without a rebound.
3:14 of 3rd period - Patrik Stefan wins face-off versus Daniel Briere in Capitals zone.
3:26 of 3rd period - Minor Penalty to Ben Clymer for Cross-checking.
3:27 of 3rd period - Dainius Zubrus wins face-off versus Derek Roy in Sabres zone.
4:35 of 3rd period - Icing by John-Michael Liles.
4:36 of 3rd period - Dainius Zubrus wins face-off versus Doug Weight in Sabres zone.
4:47 of 3rd period - Shot by Milan Hejduk.
4:47 of 3rd period - Stopped by Marty Turco without a rebound.
4:48 of 3rd period - Doug Weight wins face-off versus Alexander Ovechkin in Capitals zone.
4:49 of 3rd period - Shot by Milan Hejduk.
4:49 of 3rd period - Stopped by Marty Turco without a rebound.
4:50 of 3rd period - Patrik Stefan wins face-off versus Daniel Briere in Capitals zone.
5:11 of 3rd period - Shot by Milan Hejduk.
5:11 of 3rd period - Stopped by Marty Turco without a rebound.
5:12 of 3rd period - Daniel Briere wins face-off versus Alexander Ovechkin in Capitals zone.
5:51 of 3rd period - Shot by Jochen Hecht.
5:51 of 3rd period - Stopped by Marty Turco without a rebound.
5:52 of 3rd period - Dainius Zubrus wins face-off versus Tim Connolly in Capitals zone.
6:03 of 3rd period - Shot by Maxim Afinogenov.
6:03 of 3rd period - Stopped by Marty Turco without a rebound.
6:04 of 3rd period - Patrik Stefan wins face-off versus Doug Weight in Capitals zone.
7:00 of 3rd period - Minor Penalty to Ben Clymer for Elbowing.
7:01 of 3rd period - Daniel Briere wins face-off versus Dainius Zubrus in Capitals zone.
7:02 of 3rd period - Shot by John-Michael Liles.
7:02 of 3rd period - Stopped by Marty Turco without a rebound.
7:03 of 3rd period - Dainius Zubrus wins face-off versus Derek Roy in Capitals zone.
7:32 of 3rd period - Shot by Derek Roy.
7:32 of 3rd period - Shot Misses the Net.
7:50 of 3rd period - Icing by Milan Hejduk.
7:51 of 3rd period - Daniel Briere wins face-off versus Patrik Stefan in Sabres zone.
8:06 of 3rd period - Shot by Milan Hejduk.
8:06 of 3rd period - Goal by Milan Hejduk.
8:07 of 3rd period - Trent Hunter wins face-off versus Derek Roy in neutral zone.
8:12 of 3rd period - Shot by Trent Hunter.
8:12 of 3rd period - Shot Misses the Net.
8:17 of 3rd period - Shot by Adrian Aucoin.
8:17 of 3rd period - Stopped by Ryan Miller without a rebound.
8:18 of 3rd period - Chris Drury wins face-off versus Dainius Zubrus in Sabres zone.
8:24 of 3rd period - Off-side.
8:25 of 3rd period - Derek Roy wins face-off versus Andrew Cassels in neutral zone.
8:36 of 3rd period - Shot by Nathan Horton.
8:36 of 3rd period - Stopped by Marty Turco without a rebound.
8:37 of 3rd period - Daniel Briere wins face-off versus Dainius Zubrus in Capitals zone.
8:42 of 3rd period - Shot by Daniel Briere.
8:42 of 3rd period - Shot Blocked by Bryan Muir.
8:45 of 3rd period - Shot by Milan Hejduk.
8:45 of 3rd period - Stopped by Marty Turco without a rebound.
8:46 of 3rd period - Patrik Stefan wins face-off versus Tim Connolly in Capitals zone.
8:46 of 3rd period - Minor Penalty to Teppo Numminen for Roughing.
8:47 of 3rd period - Brian Sutherby wins face-off versus Tim Connolly in Capitals zone.
9:10 of 3rd period - Shot by Alexander Ovechkin.
9:10 of 3rd period - Shot Blocked by Henrik Tallinder.
10:46 of 3rd period - Chris Clark is hit by Doug Weight and loses puck.
12:56 of 3rd period - Shot by Jochen Hecht.
12:56 of 3rd period - Shot Blocked by Alexander Ovechkin.
13:02 of 3rd period - Alexander Ovechkin is hit by Henrik Tallinder and loses puck.
13:40 of 3rd period - Shot by Rene Bourque.
13:40 of 3rd period - Stopped by Ryan Miller without a rebound.
13:41 of 3rd period - Patrik Stefan wins face-off versus Maxim Afinogenov in Sabres zone.
13:42 of 3rd period - Shot by Rene Bourque.
13:42 of 3rd period - Shot Blocked by Tim Connolly.
13:46 of 3rd period - Tim Connolly is hit by Ben Clymer and loses puck.
14:09 of 3rd period - Minor Penalty to Ben Clymer for Holding.
14:10 of 3rd period - Daniel Briere wins face-off versus Patrik Stefan in neutral zone.
14:21 of 3rd period - Shot by Milan Hejduk.
14:21 of 3rd period - Stopped by Marty Turco without a rebound.
14:22 of 3rd period - Patrik Stefan wins face-off versus Derek Roy in Capitals zone.
14:49 of 3rd period - Shot by Doug Weight.
14:49 of 3rd period - Shot Misses the Net.
16:10 of 3rd period - Shot by Doug Weight.
16:10 of 3rd period - Shot Misses the Net.
16:11 of 3rd period - Shot by Henrik Tallinder.
16:11 of 3rd period - Stopped by Marty Turco with a rebound.
16:16 of 3rd period - Shot by Jason Pominville.
16:16 of 3rd period - Shot Blocked by Ben Clymer.
16:19 of 3rd period - Shot by Jochen Hecht.
16:19 of 3rd period - Stopped by Marty Turco without a rebound.
16:20 of 3rd period - Dainius Zubrus wins face-off versus Derek Roy in Capitals zone.
16:29 of 3rd period - Shot by Richard Zednik.
16:29 of 3rd period - Stopped by Ryan Miller with a rebound.
17:57 of 3rd period - Off-side.
17:58 of 3rd period - Doug Weight wins face-off versus Dainius Zubrus in neutral zone.
18:45 of 3rd period - Shot by Andrew Cassels.
18:45 of 3rd period - Goal by Andrew Cassels.
18:46 of 3rd period - Andrew Cassels wins face-off versus Tim Connolly in neutral zone.
18:55 of 3rd period - Shot by Andrew Cassels.
18:55 of 3rd period - Shot Blocked by Tim Connolly.

Overtime #1

0:01 of 1st overtime period - Dainius Zubrus wins face-off versus Doug Weight in neutral zone.
0:49 of 1st overtime period - Icing by Rob Blake.
0:50 of 1st overtime period - Brian Sutherby wins face-off versus Doug Weight in Sabres zone.
1:15 of 1st overtime period - Shot by Matt Pettinger.
1:15 of 1st overtime period - Shot Misses the Net.
1:18 of 1st overtime period - Shot by Brian Sutherby.
1:18 of 1st overtime period - Stopped by Ryan Miller without a rebound.
1:19 of 1st overtime period - Brian Sutherby wins face-off versus Daniel Briere in Sabres zone.
1:32 of 1st overtime period - Shot by Daniel Briere.
1:32 of 1st overtime period - Stopped by Marty Turco without a rebound.
1:33 of 1st overtime period - Dainius Zubrus wins face-off versus Daniel Briere in Capitals zone.
2:48 of 1st overtime period - Shot by Dainius Zubrus.
2:48 of 1st overtime period - Stopped by Ryan Miller with a rebound.
2:51 of 1st overtime period - Shot by Dainius Zubrus.
2:51 of 1st overtime period - Shot Blocked by Teppo Numminen.
2:54 of 1st overtime period - Shot by Dainius Zubrus.
2:54 of 1st overtime period - Stopped by Ryan Miller without a rebound.
2:55 of 1st overtime period - Doug Weight wins face-off versus Alexander Ovechkin in Sabres zone.
3:06 of 1st overtime period - Shot by Alexander Ovechkin.
3:06 of 1st overtime period - Stopped by Ryan Miller without a rebound.
3:07 of 1st overtime period - Dainius Zubrus wins face-off versus Doug Weight in Sabres zone.
3:37 of 1st overtime period - Off-side.
3:38 of 1st overtime period - Doug Weight wins face-off versus Brian Sutherby in neutral zone.
3:53 of 1st overtime period - Shot by Doug Weight.
3:53 of 1st overtime period - Shot Blocked by Shaone Morrisonn.
3:56 of 1st overtime period - Shot by Milan Hejduk.
3:56 of 1st overtime period - Stopped by Marty Turco without a rebound.
3:57 of 1st overtime period - Brian Sutherby wins face-off versus Nathan Horton in Capitals zone.
4:12 of 1st overtime period - Shot by Paul Gaustad.
4:12 of 1st overtime period - Shot Misses the Net.
4:25 of 1st overtime period - Shot by Nathan Horton.
4:25 of 1st overtime period - Shot Misses the Net.

ShootOut

ShootOut - Penalty Shot by Milan Hejduk for Sabres.
ShootOut - Shot Misses the Net.
ShootOut - Penalty Shot by Alexander Ovechkin for Capitals.
ShootOut - Goal by Alexander Ovechkin.
ShootOut - Penalty Shot by Daniel Briere for Sabres.
ShootOut - Stopped by Marty Turco.
ShootOut - Penalty Shot by Dainius Zubrus for Capitals.
ShootOut - Stopped by Ryan Miller.
ShootOut - Penalty Shot by Chris Drury for Sabres.
ShootOut - Stopped by Marty Turco.


Output by the SimonT Hockey Simulator (STHS) for Stephane Roy -- Original Page W3C XHTML 1.0 Valid